 Seeded DCSS version 0.28-a0-697-g47f3eba078 (webtiles) character file.

Game seed: 20211024 (custom seed)

55 a11behringer the Chopper (level 3, -2/33 HPs)
             Began as a Hill Orc Cinder Acolyte on Oct 24, 2021.
             Was a High Priest of Ignis.
             Slain by a gnoll (10 damage)
             ... on level 3 of the Dungeon.
             The game lasted 00:07:01 (1840 turns).

a11behringer the Chopper (Hill Orc Cinder Acolyte)  Turns: 1840, Time: 00:07:02

Health: -2/33      AC:  5    Str: 16    XL:     3   Next: 93%
Magic:  4/4        EV: 11    Int: 14    God:    Ignis [*****.]
Gold:   60         SH:  0    Dex:  7    Spells: 4/4 levels left

rFire   + . .      SeeInvis .   a - -1 hand axe (flame)
rCold   . . .      Faith    .   (no shield)
rNeg    . . .      Spirit   .   h - +0 leather armour
rPois   .          Reflect  .   e - +0 helmet
rElec   .          Harm     .   (no cloak)
rCorr   +          Rampage  .   (no gloves)
Will    .....                   c - +0 pair of boots
Stlth   +.........              (no amulet)
HPRegen 0.11/turn               l - ring of resist corrosion
MPRegen 0.09/turn               (no ring)

@: no status effects
A: no striking features
a: Renounce Religion, Sea of Fire, Foxfire Swarm, Rising Flame


You were on level 3 of the Dungeon.
You worshipped Ignis.
Ignis was extremely pleased with you.
You visited 1 branch of the dungeon, and saw 3 of its levels.

You collected 60 gold pieces.

Inventory:

Hand Weapons
 a - a -1 hand axe of flaming (weapon)
Missiles
 f - 19 poisoned darts (quivered)
 g - 13 arrows
 j - 18 bolts
 k - 6 boomerangs
 n - 2 throwing nets
Armour
 b - a +0 robe
 c - a +0 pair of boots (worn)
 e - a +0 helmet (worn)
 h - a +0 leather armour (worn)
Jewellery
 l - a ring of resist corrosion (left hand)
Scrolls
 i - a scroll of identify
 m - a scroll of fear {unknown}
Potions
 d - a potion of might


   Skills:
 + Level 3.8 Fighting
 * Level 5.5 Axes
 * Level 0.1 Armour
 + Level 0.2 Dodging
 + Level 1.0 Spellcasting
 + Level 3.8 Fire Magic


You had 4 spell levels left.
You didn't know any spells.
Your spell library contained the following spells:

 Spells                   Type           Power      Damage    Failure   Level
 Scorch                   Fire           22%        2d6       10%         2
 Foxfire                  Conj/Fire      24%        2x1d5     16%         1
 Conjure Flame            Conj/Fire      6%         6-21      41%         3
 Inner Flame              Hex/Fire       6%         N/A       41%         3
 Flame Wave               Conj/Fire      6%         3d4       83%         4


Dungeon Overview and Level Annotations

Branches:
Dungeon (3/15)

Altars:


Message History

There is a stone staircase leading down here.
You hit the gnoll. You burn the gnoll.
The gnoll is moderately wounded.
The gnoll barely misses you.
You hit the gnoll but do no damage.
The gnoll is moderately wounded.
The gnoll hits you with a +0 spear.
You hit the gnoll but do no damage.
The gnoll is moderately wounded.
The gnoll barely misses you.
You closely miss the gnoll.
The gnoll is moderately wounded.
The gnoll barely misses you.
You hit the gnoll. You burn the gnoll.
You kill the gnoll!
n - 2 throwing nets You see here a +0 spear.
HP restored.
Partly explored, can't reach some places.
You open the door.
There is an open door here.
There is a stone staircase leading down here.
You climb downwards.
There is a stone staircase leading up here. 4 gnolls come into view.
The gnoll shouts! x3
The gnoll hits you with a +0 whip.
The gnoll hits you from afar with a +0 halberd!
You hit the gnoll. You burn the gnoll.
The gnoll is heavily wounded.
The gnoll hits you with a +0 whip.
The gnoll hits you from afar with a +0 halberd.
* * * LOW HITPOINT WARNING * * *
You hit the gnoll. You burn the gnoll.
The gnoll is almost dead.
The gnoll closely misses you. x2
There is a stone staircase leading up here.
The gnoll completely misses you.
The gnoll hits you from afar with a +0 halberd!
You die...

###
#.#########
#....gggg@#
#.#########
#....gg.g.g
#.#.#######
#.#.# # #.#
#.# #.# #.#


You could see 4 gnolls.

Vanquished Creatures
  A gnoll (D:2)
  An adder (D:2)
  A dart slug (D:1)
  2 endoplasms (D:1)
  3 giant cockroaches
  3 goblins (D:1)
  4 hobgoblins
  3 jackals (D:1)
  3 kobolds (D:1)
  4 ball pythons
  3 bats
  A frilled lizard (D:1)
  3 rats
32 creatures vanquished.

Vanquished Creatures (others)
  11 demonic plants (D:2)
11 creatures vanquished.

Grand Total: 43 creatures vanquished

Notes
Turn   | Place    | Note
-------+----------+-------------------------------------------
     0 | D:1      | a11behringer the Hill Orc Cinder Acolyte began the quest
                  | for the Orb.
     0 | D:1      | Reached XP level 1. HP: 19/19 MP: 2/2
    28 | D:1      | Reached XP level 2. HP: 3/26 MP: 3/3
   704 | D:1      | Reached XP level 3. HP: 31/33 MP: 4/4
  1111 | D:2      | Found a faded altar of an unknown god.
  1139 | D:2      | Reached skill level 5 in Axes
  1840 | D:3      | Slain by a gnoll

Illustrated notes

Levels and vault maps discovered:
D:1:      lightli_molten_gateway, layout_rooms, hangedman_decor_riveting
D:2:      layout_basic, shapermc_ecumenical_altar_gd
D:3:      layout_basic

Skill      XL: |  1  2  3 |
---------------+----------+-----
Axes           | 5 |  5.5
Fighting       | |  3.8
Armour         | |  0.1
Dodging        | |  0.2
Spellcasting   | |  1.0
Fire Magic     | |  3.8

Action                   || total
-------------------------++-------
Melee: Hand axe          ||   101
  Use: Scroll            ||     1
Armor: Robe              ||    12
       Leather armour    ||    27
Dodge: Dodged            ||    88

Table legend: (Time is in decaauts)
 A = Elapsed time spent in this place.
 B = Non-inter-level travel time spent in this place.
 C = Inter-level travel time spent in this place.
 D = Time resting spent in this place.
 E = Time spent auto-exploring this place.
 F = Levels seen in this place.
 G = Mean time per level.
                   A        B        C        D        E       F      G
               +--------+--------+--------+--------+--------+-----+--------+
         Total |   1846 |   1527 |    319 |      0 |   1263 |   3 |  615.3 |
       Dungeon |   1846 |   1527 |    319 |      0 |   1263 |   3 |  615.3 |
               +--------+--------+--------+--------+--------+-----+--------+

Top non-repeatable levels by time:
     D:1: 972 daAuts
     D:2: 849 daAuts
     D:3: 24 daAuts
